 Dungeon Crawl Stone Soup version 0.16-a0-3325-g64f94fb (webtiles) character file.

370 Kemay the Sneak (level 6, -2/42 HPs)
             Began as an Octopode Monk on Dec 27, 2014.
             Killed from afar by Ijyb (11 damage)
             ... with a wand of draining
             ... on level 4 of the Dungeon.
             The game lasted 00:07:23 (2779 turns).

Kemay the Sneak (Octopode Monk)                     Turns: 2779, Time: 00:07:24

Health: -2/42      AC:  3    Str: 10    XL:     6   Next: 70%
Magic:  6/6        EV: 14    Int: 14    God:
Gold:   208        SH:  2    Dex: 15    Spells: 0 memorised, 5 levels left

rFire  . . .     SeeInvis .       - Unarmed
rCold  . . .     Clarity  +     (no shield)
rNeg   . . .     SustAb   .     (helmet restricted)
rPois  .         Gourm    .     m - amulet of inaccuracy (curse)
rElec  .         Spirit   .     (no ring)
rCorr  .         Warding  .     (no ring)
rMut   .         Stasis   .     (no ring)
MR     .....                    (no ring)
Stlth  ++++......               (no ring)
                                (no ring)
                                (no ring)
                                (no ring)

@: drained, not resistant to hostile enchantments, stealthy
A: almost no armour, amphibious, 8 rings, constrict 8, large bone plates 1,
camouflage 1, clarity, slow healing 1, gelatinous body 1
a: no special abilities


You were on level 4 of the Dungeon.
You were not hungry.

You visited 1 branch of the dungeon, and saw 4 of its levels.

You collected 208 gold pieces.

Inventory:

Missiles
 i - 11 poisoned needles
Jewellery
 m - a cursed amulet of inaccuracy (around mantle)
Magical devices
 k - a wand of digging (22)
Scrolls
 h - 2 scrolls of teleportation
 n - 2 scrolls of identify
Potions
 a - a potion of resistance {unknown}
 c - 2 potions of might
 d - a potion of haste {unknown}
 e - 2 potions of invisibility
 f - 3 potions of curing
 l - a potion of magic {unknown}
 o - 2 potions of agility {unknown}
Comestibles
 b - 4 bread rations
 g - 4 fruits
 j - a beef jerky
 p - 2 chunks of flesh


   Skills:
 - Level 3.0(2.0) Fighting
 + Level 4.7(3.6) Dodging
 - Level 6.0(4.9) Stealth
 * Level 5.6(4.6) Unarmed Combat


You had 5 spell levels left.
You didn't know any spells.

Dungeon Overview and Level Annotations

Branches:
Dungeon (4/15)
 Temple: D:4-7

Altars:

Annotations:
D:4 Ijyb


Innate Abilities, Weirdness & Mutations

You cannot wear most types of armour.
You are amphibious.
You can wear up to eight rings at the same time.
You can use your tentacles to constrict many enemies at once.
Your skin changes colour to match your surroundings (Stealth).
Your rubbery body absorbs attacks (AC +1).
You are partially covered in large bone plates (AC +2, SH +2).
You possess an exceptional clarity of mind.
You heal slowly when monsters are visible.


Message History

The orc completely misses you. The orc closely misses you.
Ijyb the Twisted Goblin comes into view.
You miss the orc. You grab the orc.
The orc is almost dead.
You constrict the orc.
You kill the orc!
The orc barely misses you.
You completely miss the orc. You grab the orc. You constrict the orc.
You tentacle-slap the orc but do no damage.
The orc is moderately wounded.
You constrict the orc. The orc hits you.
You tentacle-slap the orc.
You kill the orc!
Ijyb zaps a wand.
The bolt of negative energy hits you!
You feel drained.
* * * LOW HITPOINT WARNING * * *
It is a wand of draining.
Things that are here:
a ring mail; an orc corpse Ijyb zaps a wand.
The bolt of negative energy hits you!
You feel drained.
You die...

...........# # #^. .#.##..#.#.##
.# #.# #.....#.#..##.#######.#
....g..g.)...............#
....#.###.#.##..#####.#....
#....#.###.#[###.#####.#####
..#.##....#......................
............###.#.####.####.#.###
................@................
#.#.#####.#.....<...##..###...###
#.#.........###.#....##.###...#..
#.#..#.##.#.# #.#....##.......#..
#.#....##.#.# #.......#.###...#..
..#.#.......# ###...).#..##...#..
......<....## #####.#..##......
..#.#..##..# #............
........#..# #.##..##..#..


You could see Ijyb.

Vanquished Creatures
  A scorpion (D:4)
  The ghost of archlich the Charmwright, a weakling DsSk (D:4)
  A hound (D:4)
  An iguana (D:4)
  A worker ant (D:4)
  Jessica (D:2)
  7 adders
  4 worms
  3 giant geckos
  2 oozes
  6 orcs
  8 bats
  2 bat skeletons (D:4)
  5 giant cockroaches
  6 hobgoblins
  4 jackals
  3 quokkas (D:2)
  2 giant newts (D:2)
  14 goblins
  3 kobolds
  23 rats
98 creatures vanquished.

Notes
Turn   | Place    | Note
--------------------------------------------------------------
     0 | D:1      | Kemay, the Octopode Monk, began the quest for the Orb.
     0 | D:1      | Reached XP level 1. HP: 16/16 MP: 1/1
    30 | D:1      | Reached XP level 2. HP: 10/21 MP: 2/2
   392 | D:1      | Gained mutation: You are partially covered in large bone plates (AC +2, SH +2). [potion of mutation]
   392 | D:1      | Gained mutation: You heal slowly when monsters are visible. [potion of mutation]
   392 | D:1      | Gained mutation: You possess an exceptional clarity of mind. [potion of mutation]
   544 | D:1      | Reached XP level 3. HP: 26/26 MP: 3/3
   951 | D:2      | Noticed Jessica
   955 | D:2      | Killed Jessica
  1034 | D:2      | Reached XP level 4. HP: 26/31 MP: 4/4
  1696 | D:3      | Reached XP level 5. HP: 31/36 MP: 5/5
  1856 | D:3      | Reached skill level 5 in Unarmed Combat
  1874 | D:3      | Reached skill level 5 in Stealth
  2072 | D:4      | Noticed archlich's ghost (weakling DsSk)
  2255 | D:4      | Killed archlich's ghost
  2255 | D:4      | Reached XP level 6. HP: 12/42 MP: 6/6
  2689 | D:4      | Reached skill level 6 in Stealth
  2772 | D:4      | Noticed Ijyb
  2779 | D:4      | Killed from afar by Ijyb

Action                   |  1- 3 |  4- 6 || total
-------------------------+-------+-------++-------
Melee: Unarmed           |    76 |   147 ||   223
  Use: Scroll            |     6 |     2 ||     8
       Potion            |     1 |     1 ||     2
 Stab: Sleeping          |    10 |    19 ||    29
  Eat: Chunk             |       |     5 ||     5
       Fruit             |       |     1 ||     1
